 Dungeon Crawl Stone Soup version 0.16.1-11-g651b585 (webtiles) character file.

30 Magnus the Charmwright (level 3, 0/29 HPs)
             Began as a Demonspawn Skald on Apr 5, 2015.
             Slain by a giant gecko (5 damage)
             ... on level 2 of the Dungeon.
             The game lasted 00:05:55 (1359 turns).

Magnus the Charmwright (Demonspawn Skald)           Turns: 1359, Time: 00:05:55

Health: 0/29       AC:  4    Str: 13    XL:     3   Next: 3%
Magic:  6/6        EV: 11    Int: 13    God:
Gold:   65         SH:  0    Dex:  8    Spells: 1 memorised, 5 levels left

rFire  + . .     SeeInvis .     a - +0 falchion
rCold  . . .     Clarity  +     b - +0 leather armour
rNeg   . . .     SustAb   .     (no shield)
rPois  .         Gourm    .     (no helmet)
rElec  .         Spirit   .     k - +0 cloak
rCorr  .         Warding  .     (no gloves)
rMut   .         Rnd*Tele +     (no boots)
MR     .....                    (no amulet)
Stlth  +.........               (no ring)
                                (no ring)

@: not resistant to hostile enchantments, very unstealthy
A: claws 1, berserk 1, clarity, clumsy 2, fire resistance 1, teleportitis 1
a: no special abilities


You were on level 2 of the Dungeon.
You were hungry.

You visited 1 branch of the dungeon, and saw 2 of its levels.

You collected 65 gold pieces.

Inventory:

Hand weapons
 a - a +0 falchion (weapon)
Armour
 b - a +0 leather armour (worn)
 i - a +0 scale mail
 k - a +0 cloak (worn)
Scrolls
 e - a scroll of random uselessness {unknown}
 g - a scroll of identify
Potions
 h - a potion of heal wounds
Books
 c - a book of Battle

   Spells                             Type                      Level
   a - Infusion                       Charms                       1
   b - Shroud of Golubria             Charms/Translocation         2
   c - Song of Slaying                Charms                       2
   d - Spectral Weapon                Hexes/Charms                 3
   e - Regeneration                   Charms/Necromancy            3
Comestibles
 d - a bread ration
 f - a meat ration
 j - a chunk of flesh
 o - a slice of pizza


   Skills:
 - Level 3.1 Fighting
 - Level 1.7 Long Blades
 - Level 0.8 Armour
 - Level 0.8 Dodging
 + Level 0.1 Unarmed Combat
 - Level 2.0 Spellcasting
 + Level 3.1 Charms


You had 5 spell levels left.
You knew the following spells:

 Your Spells              Type           Power        Failure   Level  Hunger
a - Infusion              Chrm           #.....       12%         1    ##.....


Dungeon Overview and Level Annotations

Branches:
Dungeon (2/15)

Altars:


Innate Abilities, Weirdness & Mutations

You have sharp fingernails.
Your flesh is heat resistant.
You tend to lose your temper in combat.
You possess an exceptional clarity of mind.
You are very clumsy. (Dex -4)
Space occasionally distorts in your vicinity.


Message History

The giant gecko bites you. The giant gecko bites you.
The giant gecko closely misses you. The giant gecko misses you.
The giant gecko closely misses you.
The giant gecko bites you but does no damage.
You are feeling hungry.
The giant gecko barely misses you. The giant gecko closely misses you.
The giant gecko barely misses you. The giant gecko bites you.
* * * LOW HITPOINT WARNING * * *
The giant gecko bites you but does no damage.
The giant gecko closely misses you. The giant gecko barely misses you.
The giant gecko misses you.
The giant gecko bites you but does no damage.
The giant gecko barely misses you. The giant gecko bites you.
* * * LOW HITPOINT WARNING * * *
The giant gecko bites you.
You die...

.#.........# . #.#
#..
#...........###....
#..
##.................
#..
#..........###....
#.> ##......#.## .
#..
#......#†#####.#
#.. ..#####.......#
### .. #.......#
#@......# #.l.....#
#.......# #.......#
#.#####.# #.# #.#
#.# #.#


You could see a giant gecko.

Vanquished Creatures
  An ooze (D:1)
  2 bats
  3 giant cockroaches
  4 hobgoblins (D:1)
  A quokka (D:2)
  5 giant newts (D:1)
  4 goblins
  3 kobolds
  4 rats
27 creatures vanquished.

Notes
Turn   | Place    | Note
--------------------------------------------------------------
     0 | D:1      | Magnus, the Demonspawn Skald, began the quest for the Orb.
     0 | D:1      | Reached XP level 1. HP: 16/16 MP: 3/3
   475 | D:1      | Gained mutation: Your flesh is heat resistant. [demonic ancestry]
   475 | D:1      | Reached XP level 2. HP: 20/23 MP: 4/4
   742 | D:1      | Reached skill level 3 in Charms
  1121 | D:1      | Gained mutation: You are clumsy. (Dex -2) [potion of mutation]
  1121 | D:1      | Gained mutation: Space occasionally distorts in your vicinity. [potion of mutation]
  1121 | D:1      | Gained mutation: You possess an exceptional clarity of mind. [potion of mutation]
  1122 | D:1      | Gained mutation: You tend to lose your temper in combat. [potion of mutation]
  1122 | D:1      | Gained mutation: You are very clumsy. (Dex -4) [potion of mutation]
  1308 | D:2      | Gained mutation: You have sharp fingernails. [demonic ancestry]
  1308 | D:2      | Reached XP level 3. HP: 21/29 MP: 6/6
  1359 | D:2      | Slain by a giant gecko

Action                   || total
-------------------------++-------
Melee: Falchion          ||    96
  Use: Potion            ||     9
       Scroll            ||     3
  Eat: Chunk             ||     1
